 Dungeon Crawl Stone Soup version 0.30.1-11-g7821555f0a (webtiles) character file.

Game seed: 13924008745310514033

102 pkoi the Insei (level 4, 0/38 HPs)
             Began as a Draconian Monk on Oct 30, 2023.
             Was a Priest of Lugonu.
             Splashed by a jelly's acid (4 damage)
             ... on level 3 of the Dungeon.
             The game lasted 00:02:21 (1793 turns).

pkoi the Insei (Draconian Monk)                     Turns: 1793, Time: 00:02:22

Health: 0/38       AC: -3    Str: 13    XL:     4   Next: 50%
Magic:  5/5        EV: 12    Int: 12    God:    Lugonu [***...]
Gold:   110        SH:  0    Dex: 14    Spells: 3/3 levels left

rFire   . .          .
                       - Unarmed
rCold   . . .        b - orb {light}
rNeg    . . .        (body armour unavailable)
rPois   .            (helmet restricted)
rElec   .            (no cloak)
rCorr   .            (no gloves)
SInv    .            (no boots)
Will    .....        (no amulet)
Stlth   +            (no ring)
HPRegen 0.26/turn    (no ring)
MPRegen 0.09/turn

%: no passive effects
@: corroded, glowing
A: AC +5, unfitting armour, cold-blooded
a: Renounce Religion, Depart the Abyss, Banish


You were on level 3 of the Dungeon.
You worshipped Lugonu.
Lugonu was most pleased with you.
You visited 1 branch of the dungeon, and saw 3 of its levels.

You collected 110 gold pieces.

Inventory:

Hand Weapons
 f - a +0 whip
 j - a +0 dagger
Armour
 b - an orb of light (worn)
Scrolls
 i - a scroll of immolation {unknown}
 k - a scroll of blinking {unknown}
 l - 3 scrolls of identify {unknown}
 m - 2 scrolls of fear {unknown}
 o - a scroll of enchant armour {unknown}
Potions
 a - a potion of ambrosia
 c - 4 potions of degeneration {unknown}
 d - a potion of berserk rage {unknown}
 e - 2 potions of haste {unknown}
 g - 2 potions of flight {unknown}
 h - a potion of attraction {unknown}
 n - a potion of resistance {unknown}
 p - 2 potions of brilliance {unknown}
 q - a potion of mutation {unknown}


   Skills:
 - Level 3.2 Fighting
 - Level 2.6 Dodging
 + Level 4.8 Unarmed Combat
 + Level 2.2 Invocations


You had 3 spell levels left.
You didn't know any spells.
Your spell library was empty.

Dungeon Overview and Level Annotations

Branches:
Dungeon (3/15)

Altars:
Lugonu


Innate Abilities, Weirdness & Mutations

Your plain brown scales are hard. (AC +5)
You cannot fit into any form of body armour.
You are cold-blooded and may be slowed by cold attacks.


Message History

You barely miss the adder.
The adder is heavily wounded.
The adder bites you but does no damage.
You barely miss the adder.
The adder is heavily wounded.
The adder closely misses you.
You barely miss the adder.
The adder is heavily wounded.
The adder misses you.
You closely miss the adder.
The adder is heavily wounded.
The adder barely misses you.
You hit the adder.
You kill the adder!
Lugonu accepts your kill.
m - 2 scrolls labelled KUSAIR EDYANUWN (gained 1)
Found a stone staircase leading down.
A jelly comes into view.
The jelly quivers.
A jelly is nearby!
The jelly hits you but does no damage.
You hit the jelly but do no damage. The acid corrodes you!
Your hands burn!
The jelly hits you. The acid corrodes you!
You are splashed with acid!
You are too injured to fight recklessly!
You punch the jelly!
Your hands burn!
The jelly is heavily wounded.
You hit the jelly.
Your hands burn!
You tail-slap the jelly, but do no damage.
The jelly is heavily wounded.
The jelly hits you but does no damage.
You hit the jelly but do no damage.
Your hands burn!
The jelly is heavily wounded.
The jelly hits you. The acid corrodes you!
You are splashed with acid!
* * * LOW HITPOINT WARNING * * *
You hit the jelly.
Your hands burn!
* * * LOW HITPOINT WARNING * * *
The jelly is heavily wounded.
The jelly barely misses you.
You hit the jelly but do no damage.
Your hands burn!
You die...

#..........#.
#..........##
#..........# .. # .
#..........# #.#. ..#
###..........# #[..
... ###...<........#
..# ## #..
##...#..........# ...
.#
#..#..#.....###.####
#####.##.#
#.J@...##### #..#
......##.# ####....##
##.##
#.†#..##......#.#
#..#
#####...#......###..#
##.# ...............
##.# #.#
####.......#### >.
#.# ###.....##.# ###
#.# .#..#......## #.#
....#.####..# #.##


You could see a jelly.

Vanquished Creatures
  Robin (D:1)
  An adder (D:3)
  A worm (D:3)
  A dart slug (D:2)
  An orc (D:3)
  5 bats
  8 endoplasms
  5 giant cockroaches
  12 goblins
  6 hobgoblins
  8 quokkas
  9 ball pythons
  2 frilled lizards
  3 kobolds
  2 rats (D:1)
  A spectral goblin (D:1)
66 creatures vanquished.

Notes
Turn   | Place    | Note
-------+----------+-------------------------------------------
     0 | D:1      | pkoi the Draconian Monk began the quest for the Orb.
     0 | D:1      | Reached XP level 1. HP: 19/19 MP: 1/1
   190 | D:1      | Reached XP level 2. HP: 24/26 MP: 2/2
   406 | D:1      | Reached skill level 4 in Unarmed Combat
   499 | D:1      | Found a faded altar of an unknown god.
   516 | D:1      | Prayed at the altar of an unknown god.
   516 | D:1      | Became a worshipper of Lugonu the Unformed
   516 | D:1      | Reached * piety under Lugonu
   516 | D:1      | Reached ** piety under Lugonu
   526 | D:1      | Reached XP level 3. HP: 31/31 MP: 3/3
   787 | D:1      | Reached *** piety under Lugonu
   895 | D:2      | Noticed Robin
   931 | D:1      | Killed Robin
   932 | D:1      | Reached skill level 1 in Invocations
  1073 | D:2      | Reached XP level 4. HP: 34/38 MP: 5/5
  1793 | D:3      | Splashed by a jelly's acid

Illustrated notes

Levels and vault maps discovered:
D:1:      minmay_arrival_nine_rooms, layout_basic,
          dreamdust_ecumenical_altar_drowned_temple
D:2:      layout_basic, uniq_robin
D:3:      layout_rooms, uniq_ijyb

Skill      XL: |  1  2  3  4 |
---------------+-------------+-----
Unarmed Combat | 4 |  4.8
Invocations    | 1 2 |  2.2
Fighting       | |  3.2
Dodging        | |  2.6

Action                     |  1- 3 |  4- 6 || total
---------------------------+-------+-------++-------
  Melee: Unarmed           |   136 |    57 ||   193
         Tailslap          |    14 |    11 ||    25
    Use: Scroll            |     1 |       ||     1
 Armour: Skin              |    47 |    10 ||    57
  Dodge: Dodged            |    89 |    22 ||   111
